 Dungeon Crawl Stone Soup version 0.29.0-11-gd7f09526c8 (webtiles) character file.

Game seed: 12257447814214887358

139906 tilp the Warrior (level 16, -25/136 HPs)
             Began as a Demonspawn Gladiator on Sept 4, 2022.
             Was the Champion of Dithmenos.
             Killed from afar by a merfolk aquamancer (63 damage)
             ... with a shard of ice
             ... on level 3 of the Shoals.
             The game lasted 00:50:20 (28246 turns).

tilp the Warrior (Demonspawn Gladiator)            Turns: 28246, Time: 00:50:20

Health: -25/136    AC:  0    Str: 22    XL:     16   Next: 74%
Magic:  21/21      EV: 21    Int: 10    God:    Dithmenos [******]
Gold:   1881       SH:  0    Dex: 15    Spells: 15/15 levels left

rFire   . . .      SeeInvis .   (weapon currently unavailable)
rCold   . . .      Faith    .   (shield currently unavailable)
rNeg    . . .      Spirit   .   (body armour currently unavailable)
rPois   .          Reflect  .   (helmet currently unavailable)
rElec   .          Harm     .   (cloak currently unavailable)
rCorr   .          Rampage  +   (gloves unavailable)
Will    +....                   (boots currently unavailable)
Stlth   ++++++....              g - amulet "Duomairo" {RegenMP Rampage Fly Regen+}
HPRegen 1.12/turn               (ring currently unavailable)
MPRegen 0.74/turn               (ring currently unavailable)

@: about to teleport, pig-form, spiked, flying, wreathed by umbra, very quick
A: fast, no casting, small, (yellow scales 3), powered by death 3, magic
regeneration, (demonic touch 3)
a: Renounce Religion, Shadow Step, Shadow Form


You were on level 3 of the Shoals.
You worshipped Dithmenos.
Dithmenos was exalted by your worship.
You were a filthy swine.
You visited 4 branches of the dungeon, and saw 25 of its levels.
You also visited: Ice Cave and Volcano.

You collected 3196 gold pieces.
You spent 1315 gold pieces at shops.

Inventory:

Hand Weapons
 a - a +2 vampiric demon whip (melded)
Missiles
 m - 3 throwing nets
 v - 30 poisoned darts (quivered)
 C - 2 javelins
 F - 23 boomerangs
 I - 6 silver javelins
 M - 3 datura-tipped darts
Armour
 c - a +2 helmet (melded)
 l - a scarf of resistance
 r - a +0 chain mail of willpower (melded)
 O - a +1 cloak (melded)
 U - the +2 helmet of the Lumpy Artists {rPois}
   (You found it on level 5 of the Lair of Beasts)

   rPois:     It protects you from poison.
 V - a +0 pair of boots (melded)
 X - a +2 crystal plate armour of cold resistance
Jewellery
 d - a +4 ring of protection (melded)
 g - the amulet "Duomairo" (around neck) {RegenMP Rampage Fly Regen+}
   (You found it on level 7 of the Dungeon)

   [amulet of magic regeneration]

   It increases your rate of magic regeneration.
   Fly:       It grants you flight.
   Regen:     It increases your rate of health regeneration.
   Rampage:   It bestows one free step when moving towards enemies.
 n - a +4 ring of slaying (melded)
 o - a ring of flight
 p - a ring of see invisible
 u - an amulet of guardian spirit
 E - a ring of protection from fire
 L - a ring of ice
Wands
 k - a wand of roots (6)
 q - a wand of charming (24)
 J - a wand of acid (10)
 K - a wand of digging (7)
 S - a wand of polymorph (8)
Scrolls
 f - 3 scrolls of magic mapping
 y - 3 scrolls of poison
 z - a scroll of silence
 D - 7 scrolls of teleportation
 N - 2 scrolls of blinking
 P - 2 scrolls of torment
 T - 2 scrolls of summoning
 W - 2 scrolls of identify
 Z - 2 scrolls of fear
Potions
 h - a potion of berserk rage
 i - 5 potions of haste
 j - 9 potions of curing
 s - a potion of resistance
 t - 3 potions of invisibility
 w - 6 potions of heal wounds
 x - 2 potions of lignification
 A - 4 potions of flight
 B - 5 potions of cancellation
 G - 7 potions of mutation
 H - 5 potions of might
 Q - 3 potions of ambrosia
 R - 6 potions of attraction
Miscellaneous
 b - a condenser vane
 e - a tin of tremorstones (2/2)
 Y - a phial of floods


   Skills:
 + Level 15.2 Fighting
 - Level 12.0 Maces & Flails
 + Level 12.2 Throwing
 + Level 8.4 Armour
 + Level 12.2 Dodging
 + Level 6.5 Stealth
 + Level 7.0 Invocations
 * Level 10.7 Evocations


You had 15 spell levels left.
You didn't know any spells.
Your spell library contained the following spells:

 Spells                   Type           Power      Damage    Failure   Level
 Apportation              Tloc           0%         N/A       36%         1
 Freeze                   Ice            0%         1d3       36%         1
 Magic Dart               Conj           0%         1d3       36%         1
 Shock                    Conj/Air       0%         1d3       36%         1
 Sting                    Tmut/Pois      0%         1d3       36%         1
 Blink                    Tloc           0%         N/A       50%         2
 Call Imp                 Summ           0%         N/A       50%         2
 Passwall                 Tmut/Erth      0%         N/A       50%         2
 Poisonous Vapours        Pois/Air       0%         N/A       50%         2
 Scorch                   Fire           0%         2d5       50%         2
 Frozen Ramparts          Ice            0%         1d1       75%         3
 Gell's Gravitas          Tloc           0%         N/A       75%         3
 Lesser Beckoning         Tloc           0%         N/A       75%         3
 Mephitic Cloud           Conj/Pois/Air  0%         N/A       75%         3
 Summon Guardian Golem    Hex/Summ       0%         N/A       75%         3
 Swiftness                Air            0%         N/A       75%         3
 Teleport Other           Tloc           0%         N/A       75%         3
 Airstrike                Air            0%         2d(0-16)  98%         4
 Animate Armour           Summ/Erth      0%         N/A       98%         4
 Animate Dead             Necr           0%         N/A       98%         4
 Corpse Rot               Necr/Pois/Air  0%         N/A       98%         4
 Flame Wave               Conj/Fire      0%         2d4       98%         4
 Hailstorm                Conj/Ice       0%         3d3       98%         4
 Olgreb's Toxic Radiance  Pois           0%         N/A       98%         4
 Alistair's Intoxication  Tmut/Pois      0%         N/A       100%        5
 Manifold Assault         Tloc           0%         N/A       100%        5
 Dispersal                Tloc           0%         N/A       100%        6
 Iron Shot                Conj/Erth      0%         9d1       100%        6
 Summon Cactus Giant      Summ           0%         N/A       100%        6
 Haunt                    Necr/Summ      0%         N/A       100%        7
 Malign Gateway           Summ/Tloc      0%         N/A       100%        7
 Orb of Destruction       Conj           0%         9d5       100%        7
 Spellforged Servitor     Conj/Summ      0%         N/A       100%        7
 Disjunction              Tloc           0%         N/A       100%        8
 Infestation              Necr           0%         N/A       100%        8
 Lehudib's Crystal Spear  Conj/Erth      0%         10d2      100%        8
 Summon Horrible Things   Summ           0%         N/A       100%        8


Dungeon Overview and Level Annotations

Branches:
Dungeon (15/15)            Temple (0/1) D:7            Lair (5/5) D:10
 Shoals (3/4) Lair:3       Spider (0/4) Lair:3        Slime (0/5) Lair:4
    Orc (2/2) D:10            Elf (0/3) Orc:2        Vaults (0/5) D:13
 Depths (0/4) D:15          IceCv (visited)         Volcano (visited)

Altars:
Dithmenos
Kikubaaqudgha
Makhleb
Sif Muna
Uskayaw
Vehumet
Jiyva

Shops:
D:2 (   D:14 !   D:15 =   Orc:2 **(:(   Shoals:1 ?

Portals:
Hell: Lair:5
Pandemonium: Orc:2

Annotations:
D:15 3 runed translucent doors, Gosau's ghost, journeyman DsGl
Shoals:3 Kirke


Innate Abilities, Weirdness & Mutations

You are a filthy swine.
You move quickly.
Your equipment is almost entirely melded.
You are incapable of wielding weapons or throwing items.
You cannot cast spells.
((You are completely covered in yellow scales. (AC +4, rCorr)))
You regenerate a lot of health from kills.
You regenerate magic rapidly.
((Your touch may irresistibly damage your foes and sap their willpower.))


Message History

Unknown command.
The water elemental hits you!
* * * LOW HITPOINT WARNING * * *
The water elemental engulfs you in water!
Unknown command.
You bump into the rock wall.
* * * LOW HITPOINT WARNING * * *
Your lungs strain for air!
The merfolk aquamancer gestures at you while chanting.
The shard of ice misses you. The water elemental hits you.
* * * LOW HITPOINT WARNING * * *
Unknown command.
You slip free of the water engulfing you.
The barbed spikes dig painfully into your body as you move.
* * * LOW HITPOINT WARNING * * *
You gasp with relief as air once again reaches your lungs.
The merfolk shouts!
Unknown command.
You are too confused!
You feel better.
You feel less invigorated.
The merfolk aquamancer casts a spell at you.
The torrent of water misses you.
The wave splashes down.
The water elemental hits you.
* * * LOW HITPOINT WARNING * * *
The water elemental engulfs you in water!
You hear an angry hiss.
You hear a bleat!
Unknown command.
Unknown command.
Unknown command.
You cannot read scrolls while unable to breathe!
You slip free of the water engulfing you.
The barbed spikes dig painfully into your body as you move.
* * * LOW HITPOINT WARNING * * *
You gasp with relief as air once again reaches your lungs.
Unknown command.
As you read the scroll of teleportation, it crumbles to dust.
You feel strangely unstable.
The merfolk aquamancer gestures at you while chanting.
The shard of ice hits you!!!
You die...

§hE§.m≈≈≈≈≈≈≈≈≈≈≈~~~~~~~~~~~~...#
h§H§§~≈≈≈≈≈≈≈≈~~~~P~~...~.~~~~~.#
Eh§≈§≈≈≈≈≈≈~~~~~~PP~~...~..~~~~.#
E§§§≈~≈≈E≈~~H~.~PPP.....~~~~~~~~#
...§~~~≈≈~~~..m.PP~...~~~~~(~~~~.
......~~≈~~....E.PP.#...~~.†~~~~)
##.....~~~~..##>m~......~~...†~†~
#.....~PP...#.........~~.....~~~
.P....PPP)E..Eh~~~..........~~~
P##..PPP~P~~≈~~~......#...~~~~
#...~PPP~≈≈~~~.~~..##..~~~~~
..).~~≈≈≈≈~~~~~~...........~
....~~≈≈≈≈~~.~~~............
...~.~≈≈≈≈≈~~~~~.~<..~~~~###
...P~~≈≈≈≈≈≈≈≈~~~~.~~~~..###
PP~~≈≈≈≈≈≈≈≈≈≈≈..~~~~~~(..#.
~~≈≈≈≈≈≈≈≈≈≈≈~~~~~~~~~~....


You could see a merfolk aquamancer, a merfolk, a manticore (summoned) and 3
water elementals.

Vanquished Creatures
  Saint Roka (Orc:2)
  A very ugly thing (D:13)
  A stone giant (D:15)
  Azrael (D:13)
  A dire elephant (Lair:5)
  An ice dragon (D:13)
  A vault guard (D:13)
  Erolcha (D:11)
  2 merfolk avatars (Shoals:2)
  Harold (D:10)
  4 hydras
  6 boulder beetles
  4 centaur warriors
  2 demonspawn (Orc:2)
  A catoblepas (Lair:5)
  2 merfolk aquamancers (Shoals:2)
  2 alligator snapping turtles (Shoals:2)
  The ghost of MoonlitKnight the Carver, a novice MfGl of the Shining One (D:9)
  3 alligators (Shoals:2)
  5 death yaks (Lair:3)
  4 tengu warriors
  7 orc high priests (Orc:2)
  A satyr (Shoals:3)
  Urug (D:10)
  3 skeletal warriors (D:15)
  A sun demon (Lair:5)
  A fire crab (shapeshifter) (D:9)
  Amaemon (Lair:1)
  10 sea snakes
  A sixfirhy (Orc:2)
  2 bog bodies (IceCv)
  23 harpies
  2 deep elf pyromancers
  A wizard (Lair:5)
  2 lindwurms (Volcano)
  A necromancer (Orc:1)
  16 ugly things
  7 orc knights
  4 cyclopes
  8 fauns (Shoals:3)
  5 orc sorcerers (Orc:2)
  11 manticores
  2 slime creatures (D:14)
  An ice statue (IceCv)
  A toenail golem (Volcano)
  A water nymph (Shoals:3)
  15 elephants
  2 black mambas (Lair:5)
  2 orange demons
  A rust devil (Orc:2)
  8 cane toads
  6 merfolk sirens
  5 molten gargoyles
  A gargoyle (D:11)
  3 rime drakes
  A freezing wraith (D:15)
  An unseen horror (D:13)
  A yaktaur (D:15)
  2 anaconda simulacra (IceCv)
  Maggie (D:6)
  10 komodo dragons
  A hellwing (Lair:5)
  5 ice devils
  2 tengu conjurers
  12 trolls
  A queen bee (Lair:4)
  3 red devils
  6 wind drakes
  4 meliai
  3 hornets
  13 merfolk
  4 polar bears
  Grinder (D:6)
  Prince Ribbit (D:7)
  6 dream sheep
  17 blink frogs
  4 centaur simulacra
  9 snapping turtles
  2 culicivoras (Lair:3)
  3 jumping spiders (Lair:3)
  4 shadows
  A ynoxinul (D:9)
  6 wyverns
  3 wraiths
  7 water elementals
  44 yaks
  5 fire elementals
  A yak (shapeshifter) (D:9)
  2 redbacks (Lair:3)
  4 steam dragons
  A death yak simulacrum (IceCv)
  A neqoxec (Orc:2)
  Menkaure (D:7)
  6 wargs
  7 hell hounds
  11 water moccasins
  Duvessa (D:6)
  A hydra simulacrum (IceCv)
  An ice beast (D:8)
  4 acid dragons
  3 sky beasts
  A black bear (D:4)
  32 orc warriors
  6 ogres
  9 wolves
  12 centaurs
  11 bullfrogs
  A kobold brigand (D:8)
  3 necrophages
  A gnoll sergeant (D:10)
  5 two-headed ogre simulacra (IceCv)
  A cane toad simulacrum (IceCv)
  4 earth elementals (Volcano)
  4 scorpions
  15 wights
  Dowan (D:6)
  24 killer bees
  6 howler monkeys
  3 electric eels
  3 hounds (D:6)
  3 jellies
  30 orc priests
  A warg simulacrum (Orc:1)
  2 iguanas
  21 orc wizards
  4 spriggan simulacra (IceCv)
  A troll simulacrum (IceCv)
  2 polar bear simulacra (IceCv)
  2 wolf simulacra (IceCv)
  An ogre zombie (Orc:1)
  5 adders
  8 gnolls
  An orc zombie (Orc:1)
  10 naga simulacra (IceCv)
  3 shadow imps
  An orc skeleton (Orc:1)
  8 white imps (IceCv)
  6 ufetubi (IceCv)
  3 worms
  2 dart slugs
  76 orcs
  An orc simulacrum (Orc:1)
  6 bats
  7 endoplasms
  11 giant cockroaches (D:2)
  A goblin (D:2)
  9 hobgoblins
  5 jackals
  11 kobolds
  6 quokkas
  4 ball pythons
  2 frilled lizards
  7 rats
  A fire vortex (D:15)
831 creatures vanquished.

Vanquished Creatures (others)
  17 fungi
  63 plants
  10 tentacles (Shoals:1)
90 creatures vanquished.

Grand Total: 921 creatures vanquished

Notes
Turn   | Place    | Note
-------+----------+-------------------------------------------
     0 | D:1      | tilp the Demonspawn Gladiator began the quest for the Orb.
     0 | D:1      | Reached XP level 1. HP: 16/16 MP: 1/1
   125 | D:1      | Found a faded altar of an unknown god.
   799 | D:1      | Gained mutation: You regenerate a little health from kills.
                  | [demonic ancestry]
   799 | D:1      | Reached XP level 2. HP: 22/22 MP: 2/2
  1394 | D:2      | Gained mutation: You are partially covered in yellow
                  | scales. (AC +2) [demonic ancestry]
  1394 | D:2      | Reached XP level 3. HP: 28/28 MP: 3/3
  1395 | D:2      | Found Reox Koy's Weapon Shoppe.
  1647 | D:2      | Identified the +12 whip "Linlid" {vorpal, rC+ Will- Dex+3
                  | SInv}
  1973 | D:3      | Reached XP level 4. HP: 34/34 MP: 4/4
  2407 | D:3      | Reached skill level 3 in Fighting
  2691 | D:4      | Noticed a black bear
  2708 | D:4      | Killed a black bear
  2709 | D:4      | Reached skill level 5 in Maces & Flails
  2709 | D:4      | Gained mutation: Your touch may inflict minor irresistible
                  | damage on your foes. [demonic ancestry]
  2709 | D:4      | Reached XP level 5. HP: 40/42 MP: 5/5
  2889 | D:4      | Reached XP level 6. HP: 47/48 MP: 6/6
  3107 | D:5      | Entered Level 5 of the Dungeon
  3116 | D:5      | Reached skill level 4 in Fighting
  3355 | D:5      | Reached skill level 1 in Stealth
  3355 | D:5      | Reached XP level 7. HP: 46/54 MP: 7/7
  3533 | D:5      | Reached skill level 1 in Evocations
  3620 | D:5      | Found a shadowy altar of Dithmenos.
  3715 | D:5      | Became a worshipper of Dithmenos the Shadowed
  3887 | D:6      | Noticed Duvessa
  3887 | D:6      | Noticed Dowan
  3887 | D:6      | Noticed a steam dragon
  3900 | D:6      | Killed a steam dragon
  3905 | D:6      | Killed Duvessa
  3906 | D:6      | Reached XP level 8. HP: 59/61 MP: 6/8
  3906 | D:6      | Killed Dowan
  4058 | D:6      | Reached skill level 5 in Fighting
  4110 | D:6      | Reached * piety under Dithmenos
  4212 | D:6      | Noticed Maggie
  4223 | D:6      | Killed Maggie
  4224 | D:6      | Gained mutation: Your touch may inflict irresistible damage
                  | on your foes. [demonic ancestry]
  4224 | D:6      | Reached XP level 9. HP: 39/68 MP: 5/9
  4434 | D:6      | Noticed Grinder
  4446 | D:6      | Killed Grinder
  4590 | D:7      | Identified the amulet "Duomairo" {RegenMP Rampage Fly
                  | Regen+}
  4742 | D:7      | Found a staircase to the Ecumenical Temple.
  4780 | D:7      | Noticed Prince Ribbit
  4793 | D:7      | Killed Prince Ribbit
  4794 | D:7      | Reached skill level 6 in Fighting
  5661 | D:7      | Noticed Menkaure
  5670 | D:7      | Killed Menkaure
  5978 | D:8      | Reached skill level 10 in Maces & Flails
  6350 | D:8      | Found a transporter.
  6382 | D:8      | Gained mutation: Your touch may irresistibly damage your
                  | foes and sap their willpower. [demonic ancestry]
  6382 | D:8      | Reached XP level 10. HP: 76/76 MP: 10/10
  6391 | D:8      | Reached skill level 1 in Invocations
  6391 | D:8      | Reached ** piety under Dithmenos
  6546 | D:8      | Found a radiant altar of Vehumet.
  6546 | D:8      | Found an ancient bone altar of Kikubaaqudgha.
  6827 | D:9      | Noticed MoonlitKnight's ghost (novice MfGl)
  6839 | D:9      | Reached skill level 1 in Armour
  7129 | D:9      | Found a runed translucent door.
  7200 | D:9      | Noticed a two-headed ogre
  7255 | D:9      | Noticed a fire crab
  7265 | D:9      | Killed a fire crab
  7291 | D:9      | Noticed an eight-headed hydra
  7305 | D:9      | Killed an eight-headed hydra
  7503 | D:9      | Reached skill level 5 in Evocations
  7943 | D:9      | Reached skill level 5 in Dodging
  7950 | D:9      | Reached skill level 5 in Throwing
  7950 | D:9      | Gained mutation: You are mostly covered in yellow scales.
                  | (AC +3) [demonic ancestry]
  7950 | D:9      | Reached XP level 11. HP: 83/83 MP: 12/14
  8297 | D:10     | Entered Level 10 of the Dungeon
  8326 | D:10     | Reached *** piety under Dithmenos
  8411 | D:10     | Reached skill level 7 in Fighting
  8420 | D:10     | Noticed Urug
  8447 | D:10     | Killed Urug
  8623 | D:10     | Found a staircase to the Orcish Mines.
  8649 | D:10     | Found a staircase to the Lair.
  8720 | D:10     | Noticed Harold
  8734 | D:10     | Killed Harold
  9167 | D:11     | Noticed Erolcha
  9177 | D:11     | Killed Erolcha
  9884 | D:11     | Noticed a deep elf pyromancer
  9892 | D:11     | Killed a deep elf pyromancer
  9921 | D:11     | Reached skill level 8 in Fighting
 10129 | Lair:1   | Entered Level 1 of the Lair of Beasts
 10163 | Lair:1   | Noticed an eight-headed hydra
 10204 | Lair:1   | Reached skill level 5 in Armour
 10204 | Lair:1   | Gained mutation: You regenerate health from kills. [demonic
                  | ancestry]
 10204 | Lair:1   | Reached XP level 12. HP: 82/92 MP: 13/15
 10205 | Lair:1   | Killed an eight-headed hydra
 10207 | Lair:1   | Reached **** piety under Dithmenos
 10454 | Lair:1   | Reached skill level 5 in Invocations
 10516 | Lair:1   | Noticed Amaemon
 10533 | Lair:1   | Killed Amaemon
 10972 | Lair:1   | Reached skill level 9 in Fighting
 11566 | Lair:2   | Noticed a boulder beetle
 11573 | Lair:2   | Killed a boulder beetle
 11574 | Lair:2   | Reached skill level 10 in Fighting
 11865 | Lair:2   | You fall into a shaft and drop 2 floors!
 11953 | Lair:3   | Gained mutation: You regenerate a lot of health from kills.
                  | [demonic ancestry]
 11953 | Lair:3   | Reached XP level 13. HP: 89/103 MP: 14/17
 11977 | Lair:3   | Reached ***** piety under Dithmenos
 12549 | Lair:2   | Reached skill level 5 in Stealth
 13515 | Lair:3   | Found a hole to the Spider Nest.
 14045 | Lair:3   | Found a staircase to the Shoals.
 14144 | Lair:3   | Reached skill level 11 in Fighting
 15143 | Lair:4   | Found a staircase to the Slime Pits.
 15144 | Lair:4   | Found a viscous altar of Jiyva.
 15631 | Orc:1    | Entered Level 1 of the Orcish Mines
 15796 | Orc:1    | Reached ****** piety under Dithmenos
 16318 | Orc:2    | Entered Level 2 of the Orcish Mines
 16318 | Orc:2    | Found a staircase to the Elven Halls.
 16381 | Orc:2    | Found a dark tunnel.
 16387 | Volcano  | Entered a volcano
 16688 | Volcano  | Reached skill level 12 in Fighting
 17092 | Orc:2    | Found Wacaocoh's Weapon Emporium.
 17100 | Orc:2    | Gained mutation: You are completely covered in yellow
                  | scales. (AC +4, rCorr) [demonic ancestry]
 17100 | Orc:2    | Reached XP level 14. HP: 100/115 MP: 15/18
 17208 | Orc:2    | Noticed Saint Roka
 17244 | Orc:2    | Killed Saint Roka
 17547 | Orc:2    | Reached skill level 10 in Dodging
 17769 | Orc:2    | Found Nygykk's General Store.
 17771 | Orc:2    | Found Eroet's General Store.
 17885 | Orc:2    | HP: 4/115 [orc knight/+0 battleaxe of electrocution (8)]
 18192 | Orc:2    | Found Jailav's Antique Weapon Boutique.
 18192 | Orc:2    | Found a one-way gate leading to the halls of Pandemonium.
 18192 | Orc:2    | Found Jouwugie's Book Shop.
 18415 | Orc:2    | Bought 2 potions of curing for 84 gold pieces
 18417 | Orc:2    | Bought a tin of tremorstones (2/2) for 640 gold pieces
 18566 | Lair:5   | Entered Level 5 of the Lair of Beasts
 19343 | Lair:5   | Identified the +2 helmet of the Lumpy Artists {rPois}
 19834 | Lair:5   | Found a burning altar of Makhleb.
 20198 | Lair:5   | Found a gateway to Hell.
 20765 | D:12     | Reached skill level 13 in Fighting
 21317 | D:13     | Noticed Azrael
 21324 | D:13     | Killed Azrael
 21333 | D:13     | Gained mutation: You regenerate magic rapidly. [demonic
                  | ancestry]
 21333 | D:13     | Reached XP level 15. HP: 123/123 MP: 17/19
 21427 | D:13     | Found a frozen archway.
 21471 | IceCv    | Entered an ice cave
 22324 | D:13     | Reached skill level 10 in Evocations
 22456 | D:13     | Found a gate to the Vaults.
 22770 | D:14     | Found a hide-covered altar of Uskayaw.
 22799 | D:14     | Identified the +0 cloak of the Great Game {rElec}
 23056 | D:14     | Found Qupp's Distillery.
 23059 | D:14     | Bought a potion of heal wounds for 75 gold pieces
 23059 | D:14     | Bought a potion of haste for 150 gold pieces
 23446 | D:15     | Entered Level 15 of the Dungeon
 23795 | D:14     | Reached skill level 14 in Fighting
 23885 | D:15     | Found Ros Sab's Jewellery Boutique.
 23898 | D:15     | Got the Codex of Envenoming
 24455 | D:15     | Identified the +3 dagger of Righteous Anger {vorpal, rPois
                  | Str+7}
 24537 | D:15     | Found a staircase to the Depths.
 24611 | D:15     | Found a runed translucent gate.
 24611 | D:15     | Found a runed translucent gate.
 24611 | D:15     | Found a runed translucent gate.
 24632 | D:15     | Noticed Gosau's ghost (journeyman DsGl)
 24940 | D:7      | Found a shimmering blue altar of Sif Muna.
 25117 | D:9      | Killed MoonlitKnight's ghost
 25130 | D:9      | Got the Disquisition on the Mountains
 25172 | D:9      | Reached skill level 10 in Throwing
 25415 | Shoals:1 | Entered Level 1 of the Shoals
 25694 | Shoals:1 | Reached XP level 16. HP: 101/134 MP: 20/20
 25996 | Shoals:1 | Reached skill level 15 in Fighting
 26038 | Shoals:1 | Noticed a kraken
 26427 | Shoals:1 | Found Wutiasui's Magic Scroll Emporium.
 26451 | Shoals:1 | Bought a scroll of blinking for 112 gold pieces
 26451 | Shoals:1 | Bought a scroll of brand weapon for 142 gold pieces
 26451 | Shoals:1 | Bought a scroll of enchant weapon for 112 gold pieces
 27148 | Shoals:2 | Identified the +4 ring mail of Integrity {rN+}
 28216 | Shoals:3 | Noticed Kirke
 28246 | Shoals:3 | Killed from afar by a merfolk aquamancer

Illustrated notes

Levels and vault maps discovered:
D:1:      psy_arrival_dodecagon, layout_rooms, ebering_ecumenical_altar_hall,
          minmay_tall_x
D:2:      minmay_roachtagon, layout_basic, serial_shops, shop
D:3:      layout_loops_ring
D:4:      layout_cave_pools, minivault_24, minmay_misc_feat_plants
D:5:      layout_gridville, lemuel_doored_altar, nrook_campfire,
          hangedman_decor_clover_reticule, roderic_serpentine_path,
          serial_park_tiny_1
D:6:      layout_rooms, minmay_misc_feat_five, minmay_misc_feat_four_crosses,
          uniq_duvessa, uniq_grinder, uniq_maggie
D:7:      layout_cave_pools, tgw_sif, minmay_temple_entry_sparse_star,
          uniq_menkaure, uniq_prince_ribbit1
D:8:      layout_gridville, mainiacjoe_overflow_divided_tiny, dk_noncrumbling_4,
          st_stairs_9, nicolae_diode_basic
D:9:      minmay_the_grid_four_pointed_star_mashed
          [minmay_the_grid_triangle_9x9_steps,
          minmay_the_grid_triangle_9x9_shrine,
          minmay_the_grid_triangle_9x9_flanged_cone,
          minmay_the_grid_triangle_9x9_stretched_checkered,
          minmay_the_grid_prize_big_room], layout_stronghold,
          hellmonk_ghost_big_iron, nicolae_water_bricks
D:10:     layout_rooms, david_lair_shrubbed, orc_0_dummy,
          kennysheep_generic_room_8, uniq_harold, uniq_urug
D:11:     layout_long_grid, uniq_erolcha
D:12:     layout_loops_ring
D:13:     layout_basic, david_vaults_5,
          portal_ice_cave_entry_animals_and_master, grunt_decor_one_mirror,
          uniq_azrael
D:14:     layout_cave_pools, serial_bayou, serial_bayou_pond_b,
          serial_bayou_pond_e, serial_bayou_pond_c, serial_bayou_ford_a,
          serial_shops, kennysheep_mini_moat, nicolae_uskayaw_en_pointe
D:15:     grunt_enter_depths_snipers, layout_rooms, ebering_ghost_rock_garden,
          chequers_serial_rivers_small_3, serial_shops,
          nicolae_shop_statue_plus, minivault_8
Lair:1:   layout_small_grid, lemuel_old_faithful, uniq_amaemon
Lair:2:   layout_cave_pods, beast_lair_carwin_4
Lair:3:   layout_loops_ring, minmay_shoals_entry_lonely_mermaid,
          nicolae_spider_entry_tight_spaces, serial_bayou_shore_b
Lair:4:   layout_cave_pods, dpeg_slime_entry_corner, special_room
          [special_room_bee]
Lair:5:   evil_forest, layout_long_grid, serial_bayou_crossing
Shoals:1: layout_shoals, serial_shops, nicolae_shop_trees
Shoals:2: layout_shoals, nicolae_shoals_goliath_grotto
Shoals:3: layout_shoals, uniq_kirke
Orc:1:    dreamdust_under_siege, layout_caves
Orc:2:    pf_orc_diabolical, layout_caves, serial_shops, shop,
          nicolae_volcano_entry_s_turn, uniq_saint_roka

Skill      XL: |  1  2  3  4  5  6  7  8  9 10 11 12 13 14 15 16 |
---------------+-------------------------------------------------+-----
Maces & Flails | 3 4 5 6 7 10 12 | 12.0
Fighting       | 3 4 5 6 8 10 12 13 14 15 | 15.2
Throwing       | 2 3 4 5 6 7 10 12 | 12.2
Stealth        | 1 3 4 6 |  6.5
Dodging        | 3 4 5 6 9 11 12 | 12.2
Evocations     | 1 3 4 5 6 8 9 10 | 10.7
Invocations    | 4 6 7 |  7.0
Armour         | 2 5 6 8 |  8.4

Action                   |  1- 3 |  4- 6 |  7- 9 | 10-12 | 13-15 | 16-18 || total
-------------------------+-------+-------+-------+-------+-------+-------++-------
Melee: Flail             |   123 |       |       |       |       |       ||   123
       Punch             |     1 |     1 |     1 |    10 |    32 |     9 ||    54
       Whip              |    11 |    69 |   180 |   373 |       |       ||   633
       Touch             |       |     1 |    24 |    98 |   374 |   108 ||   605
       Demon whip        |       |       |       |    83 |  1596 |   472 ||  2151
       Unarmed           |       |       |       |       |       |     2 ||     2
Throw: Stone             |     4 |     1 |     7 |       |       |       ||    12
       Dart              |       |       |     5 |       |    12 |     1 ||    18
       Javelin           |       |       |     1 |       |       |       ||     1
       Throwing net      |       |       |     2 |     4 |       |       ||     6
       Boomerang         |       |       |       |       |     6 |     3 ||     9
Invok: Shadow Step       |       |       |       |       |    10 |     2 ||    12
Evoke: Wand              |       |       |       |     6 |    10 |       ||    16
       Tin of tremorston |       |       |       |       |     2 |       ||     2
  Use: Scroll            |     7 |     5 |     2 |     6 |    12 |     7 ||    39
       Potion            |       |       |     3 |     4 |     5 |     2 ||    14
 Stab: Held in net/web   |       |       |       |     3 |       |       ||     3
       Distracted        |       |       |       |       |     2 |     3 ||     5
Armor: Plate armour      |   119 |    29 |    57 |       |       |       ||   205
       Leather armour    |     2 |       |       |       |       |       ||     2
       Chain mail        |       |       |    16 |   178 |   611 |   215 ||  1020
Dodge: Dodged            |    36 |    14 |    39 |   174 |   686 |   307 ||  1256
